 Dungeon Crawl Stone Soup version 0.25-a0-482-g9b3b753f3f (webtiles) character file.

Game seed: 651175087837472678, levelgen mode: deterministic

88 Eurus the Conjurer (level 4, -2/33 HPs)
             Began as a Mummy Conjurer on Feb 9, 2020.
             Slain by an orc
             ... wielding a +0 flail
              (11 damage)
             ... on level 2 of the Dungeon.
             The game lasted 00:05:43 (2945 turns).

Eurus the Conjurer (Mummy Conjurer)                 Turns: 2945, Time: 00:05:44

Health: -2/33      AC:  3    Str: 11    XL:     4   Next: 29%
Magic:  3/9        EV: 12    Int: 15    God:
Gold:   146        SH:  0    Dex: 12    Spells: 7/10 levels left

rFire    x . .     SeeInvis .   d - +0 dagger
rCold    + . .     Gourm    .   (no shield)
rNeg     + + +     Faith    .   a - +0 robe
rPois    ∞         Spirit   .   (no helmet)
rElec    .         Reflect  .   i - +0 cloak
rCorr    .         Harm     .   (no gloves)
MR       .....                  (no boots)
Stlth    ++........             (no amulet)
HPRegen  0.11/turn              (no ring)
MPRegen  0.11/turn              (no ring)

@: no status effects
A: no food or potions, fire vulnerability, cold resistance 1, negative energy
resistance 3, torment resistance, unbreathing
a: no special abilities


You were on level 2 of the Dungeon.
You were not hungry.

You visited 1 branch of the dungeon, and saw 3 of its levels.

You collected 146 gold pieces.

Inventory:

Hand Weapons
 d - a +0 dagger (weapon)
Armour
 a - a +0 robe (worn)
 i - a +0 cloak (worn)
Jewellery
 g - a cursed ring of teleportation {unknown}
Scrolls
 b - a scroll of random uselessness {unknown}
 c - 3 scrolls of identify {unknown}
 e - a scroll of enchant weapon {unknown}
 f - 2 scrolls of remove curse {unknown}
 h - a scroll of magic mapping {unknown}
 j - a scroll of teleportation {unknown}


   Skills:
 + Level 1.8 Fighting
 - Level 1.5 Dodging
 - Level 1.5 Stealth
 + Level 3.6 Spellcasting
 * Level 4.1 Conjurations


You had 7 spell levels left.
You knew the following spells:

 Your Spells              Type           Power        Failure   Level  Hunger
a - Magic Dart            Conj           ###.         3%          1    N/A
b - Searing Ray           Conj           ###...       5%          2    N/A

Your spell library contained the following spells:

 Spells                   Type           Power        Failure   Level  Hunger
 Dazzling Flash           Conj/Hex       #.....       24%         3    N/A
 Fulminant Prism          Conj/Hex       #.........   63%         4    N/A
 Iskenderun's Mystic Bla  Conj/Tloc      #.......     63%         4    N/A

Dungeon Overview and Level Annotations

Branches:
Dungeon (3/15)

Altars:
Dithmenos
Uskayaw

Annotations:
D:2 exclusion: scorpion


Innate Abilities, Weirdness & Mutations

You do not eat or drink.
Your flesh is vulnerable to fire.
You are immune to poison.
Your flesh is cold resistant. (rC+)
You are immune to negative energy. (rN+++)
You are immune to unholy pain and torment.
You can survive without breathing.


Message History

Aiming: Searing Ray (safe; 5% risk of failure)
Press: ? - help, Shift-Dir - straight line, f - Ijyb
Aim: Ijyb, wielding a +3 club, wearing a +0 leather armour and carrying a wand of acid (10)
The searing ray hits Ijyb!
Ijyb is heavily wounded. (Press . to maintain the ray.)
The orc barely misses you.
The searing ray hits Ijyb.
Ijyb is heavily wounded.
Ijyb misses you.
The searing ray hits Ijyb.
Ijyb is severely wounded.
The orc hits you with a +0 flail.
* * * LOW HITPOINT WARNING * * *
Ijyb misses you.
The searing ray hits Ijyb!
You kill Ijyb!
You have reached level 4!
You finish channeling your searing ray.
The orc hits you with a +0 flail!
You die...

.# #.....# .# ####.###.#
########## .# #......#%#
####......... .#
#.##.#.#.###.##.######## .####
#.##.#..........# ....#
#.##.###)#.....## ###.# ##)##.#
#.##...## #.# #..##.###o###.##
###.# #.###..)@.# #.# .##.# #.#
####### #.# .##.# #.# ##+## ....#
#.# ##...## ## .#### #.###
##[....## ##. .# #####.#.##
##.......## ##..
.####........####.........####...
...)............'.........+......
.####.###....####.........##.....


You could see an orc.

Vanquished Creatures
  Ijyb (D:2)
  An adder (D:2)
  2 oozes
  2 worms (D:2)
  A leopard gecko (D:2)
  A ball python (D:2)
  3 giant cockroaches
  5 hobgoblins
  A quokka (D:2)
  3 frilled lizards
  5 goblins
  10 kobolds
  5 rats
40 creatures vanquished.

Notes
Turn   | Place    | Note
-------+----------+-------------------------------------------
     0 | D:1      | Eurus the Mummy Conjurer began the quest for the Orb.
     0 | D:1      | Reached XP level 1. HP: 13/13 MP: 4/4
   551 | D:1      | Reached XP level 2. HP: 10/20 MP: 0/5
   560 | D:1      | Learned a level 2 spell: Searing Ray
  1392 | D:2      | Reached skill level 1 in Fighting
  1581 | D:2      | Reached XP level 3. HP: 23/26 MP: 2/7
  1630 | D:2      | Found a shadowy altar of Dithmenos.
  2034 | D:2      | Noticed a scorpion
  2792 | D:3      | Noticed Ijyb
  2872 | D:3      | Reached skill level 4 in Conjurations
  2919 | D:3      | Found a hide-covered altar of Uskayaw.
  2945 | D:2      | Killed Ijyb
  2945 | D:2      | Reached XP level 4. HP: 9/33 MP: 4/9
  2945 | D:2      | Slain by an orc

Levels and vault maps discovered:
D:1:      dpeg_arrival_water_fire, layout_basic
D:2:      layout_loops_corners, nicolae_dithmenos_through_a_glass_darkly
D:3:      layout_rooms, eat_drink_and_be_merry_uskayaw, vehumet_crystals,
          fedhas_ov_isle_minmay, uniq_ijyb

Skill      XL: |  1  2  3 |
---------------+----------+-----
Spellcasting   | 3 |  3.6
Fighting       | 1 |  1.8
Conjurations   | 4 |  4.1
Dodging        | |  1.5
Stealth        | |  1.5

Action                   |  1- 3 |  4- 6 || total
-------------------------+-------+-------++-------
Melee: Unarmed           |     9 |       ||     9
       Dagger            |    47 |       ||    47
 Cast: Magic Dart        |    61 |       ||    61
       Searing Ray       |     5 |       ||     5
Armor: Robe              |     9 |       ||     9
Dodge: Dodged            |    46 |       ||    46

Table legend:
 A = Non-vault XP
 B = Vault XP
 C = Vault XP percentage of total XP
 D = Non-vault monster count
 E = Vault monster count
 F = Vault count percentage of total count
                 A         B        C        D         E       F
            +---------+---------+-------+---------+---------+-------
      Total |      91 |      35 |  27.8 |      39 |       1 |   2.5
            +---------+---------+-------+---------+---------+-------
        D:1 |      23 |       0 |   0.0 |      12 |       0 |   0.0
        D:2 |      59 |      35 |  37.2 |      21 |       1 |   4.5
        D:3 |       9 |       0 |   0.0 |       6 |       0 |   0.0
            +---------+---------+-------+---------+---------+-------
